 Dungeon Crawl Stone Soup version 0.17-a0-1545-gc1bb672 (webtiles) character file.

105 urechis the Skirmisher (level 4, -1/30 HPs)
             Began as a Gargoyle Fighter on July 18, 2015.
             Slain by an adder (4 damage)
             ... on level 3 of the Dungeon.
             The game lasted 00:02:57 (1739 turns).

urechis the Skirmisher (Gargoyle Fighter)           Turns: 1739, Time: 00:02:57

Health: -1/30      AC: 10    Str: 21    XL:     4   Next: 81%
Magic:  4/4        EV:  8    Int:  8    God:
Gold:   195        SH:  9    Dex:  9    Spells: 0 memorised, 3 levels left

rFire  . . .     SeeInvis .     a - +0 flail
rCold  . . .     Clarity  .     j - +3 leather armour
rNeg   + . .     SustAt   .     c - +0 shield
rPois  ∞         Gourm    .     (no helmet)
rElec  +         Spirit   .     (no cloak)
rCorr  .         Warding  .     (no gloves)
rMut   .         Stasis   .     (no boots)
MR     .....                    (no amulet)
Stlth  +.........               (no ring)
                                (no ring)

@: not resistant to hostile enchantments, very unstealthy
A: negative energy resistance 1, electricity resistance, unbreathing,
petrification resistance, rot immunity, AC +3
a: no special abilities


You were on level 3 of the Dungeon.
You were hungry.

You visited 1 branch of the dungeon, and saw 3 of its levels.

You collected 195 gold pieces.

Inventory:

Hand weapons
 a - a +0 flail (weapon)
Armour
 c - a +0 shield (worn)
 j - a +3 leather armour (worn)
Jewellery
 q - an uncursed amulet of resist mutation {unknown}
Scrolls
 f - 2 scrolls of magic mapping {unknown}
 g - a scroll of teleportation {unknown}
 i - 5 scrolls of identify {unknown}
 m - a scroll of remove curse {unknown}
Potions
 b - a potion of haste {unknown}
 d - a potion of might
 h - a potion of magic {unknown}
 l - a potion of curing
 n - a potion of mutation {unknown}
 o - a potion of ambrosia {unknown}
 p - a potion of brilliance {unknown}
 r - a potion of cancellation {unknown}
 s - 2 potions of lignification {unknown}
Comestibles
 e - 3 bread rations
 k - 2 meat rations


   Skills:
 + Level 4.9 Fighting
 + Level 3.5 Maces & Flails
 - Level 3.2 Armour
 - Level 3.2 Shields


You had 3 spell levels left.
You didn't know any spells.

Dungeon Overview and Level Annotations

Branches:
Dungeon (3/15)

Altars:
Kikubaaqudgha

Annotations:
D:3 Sigmund


Innate Abilities, Weirdness & Mutations

You are resistant to torment.
Your stone body is resilient (AC +3).
You are immune to poison.
You resist negative energy.
You are resistant to electric shocks.
You can survive without breathing.
You are immune to petrification.
You are immune to rotting.


Message History

* * * LOW HITPOINT WARNING * * *
The adder barely misses you.
You are feeling hungry.
The adder bites you but does no damage.
You see here a kobold corpse.
You block the adder's attack. The adder barely misses you.
You see here a club.
The adder misses you.
There is a stone staircase leading down here.
The adder bites you.
* * * LOW HITPOINT WARNING * * *
The adder bites you but does no damage.
Sigmund mumbles some strange words.
Sigmund flickers and vanishes!
The adder bites you.
* * * LOW HITPOINT WARNING * * *
A giant gecko comes into view.
The adder bites you.
You die...

####.##.#.#
#.##.#.#
########.##.#.#
.........##.#
###########.# #
####.# # #....#
#
#.###########.#
########.##
#.S@l...#
..........#
#.#####.#
..$......
########..# #.#
.............
#..# #g#
............
#..# #.#
...........
#..# #.# ....
..... #..# ##.#
... ...
#..###..#####.#
#.# #.##
#.............#
#.####.).


You could see an adder and a giant gecko.

Vanquished Creatures
  A jelly (D:3)
  3 adders
  A giant gecko (D:2)
  An orc (D:3)
  A ball python (D:2)
  6 goblins
  9 hobgoblins
  2 jackals (D:2)
  2 quokkas
  6 bats
  2 giant cockroaches
  A giant newt (D:2)
  5 kobolds
  8 rats
48 creatures vanquished.

Notes
Turn   | Place    | Note
--------------------------------------------------------------
     0 | D:1      | urechis the Gargoyle Fighter began the quest for the Orb.
     0 | D:1      | Reached XP level 1. HP: 14/14 MP: 1/1
   110 | D:1      | Reached XP level 2. HP: 19/19 MP: 2/2
   548 | D:2      | Reached skill level 4 in Fighting
   603 | D:2      | Reached XP level 3. HP: 21/24 MP: 3/3
   736 | D:2      | Found an ancient bone altar of Kikubaaqudgha.
  1175 | D:3      | Reached XP level 4. HP: 7/30 MP: 4/4
  1693 | D:3      | Noticed Sigmund
  1739 | D:3      | Slain by an adder

Vault maps used:
D:1:      minmay_arrival_shattered_statue, dk_noncrumbling_4
D:2:      kiku_gazebo_pond_becter
D:3:      minmay_cut_off, uniq_sigmund

Action                   |  1- 3 |  4- 6 || total
-------------------------+-------+-------++-------
Melee: Flail             |   154 |    33 ||   187
  Use: Potion            |       |     1 ||     1
  Eat: Beef jerky        |       |     1 ||     1
       Chunk             |       |     1 ||     1
